 Dungeon Crawl Stone Soup version 0.18.1-1-g2f07953 (webtiles) character file.

58 LadyBoobiez the Poker (level 3, -3/29 HPs)
             Began as a Centaur Gladiator on May 14, 2016.
             Slain by a river rat (5 damage)
             ... summoned by edsrzf's ghost
             ... on level 3 of the Dungeon.
             The game lasted 00:16:33 (2036 turns).

LadyBoobiez the Poker (Centaur Gladiator)           Turns: 2036, Time: 00:16:33

Health: -3/29      AC:  9    Str: 18    XL:     3   Next: 75%
Magic:  3/3        EV:  8    Int:  7    God:
Gold:   165        SH:  0    Dex: 14    Spells: 0 memorised, 2 levels left

rFire  . . .     SeeInvis .     a - +0 trident
rCold  . . .     Gourm    .     l - +0 plate armour
rNeg   . . .     Faith    .     (no shield)
rPois  .         Spirit   .     c - +0 helmet
rElec  .         Dismiss  .     (no cloak)
rCorr  .         Reflect  .     (no gloves)
SustAt .         Harm     .     (no barding)
MR     .....                    (no amulet)
Stlth  ..........               (no ring)
                                (no ring)

@: agile, very quick, not resistant to hostile enchantments, extremely
unstealthy
A: hooves 3, deformed body, speed 2, tough skin 3
a: no special abilities


You were on level 3 of the Dungeon.
You were hungry.

You visited 1 branch of the dungeon, and saw 3 of its levels.

You collected 165 gold pieces.

Inventory:

Hand Weapons
 a - a +0 trident (weapon)
 j - a +0 shortbow
Missiles
 d - 3 throwing nets (quivered)
 o - 68 stones
Armour
 b - a +0 leather armour
 c - a +0 helmet (worn)
 l - a +0 plate armour (worn)
Scrolls
 h - a scroll of random uselessness {unknown}
 m - a scroll of magic mapping {unknown}
 n - a scroll of identify {unknown}
 p - a scroll of teleportation {unknown}
Potions
 e - a potion of heal wounds {unknown}
 g - a potion of magic {unknown}
 i - a potion of brilliance {unknown}
 k - a potion of agility
Comestibles
 f - 3 bread rations


   Skills:
 - Level 2.0 Fighting
 + Level 4.0 Polearms
 - Level 2.3 Throwing
 - Level 2.4 Dodging


You had 2 spell levels left.
You didn't know any spells.

Dungeon Overview and Level Annotations

Branches:
Dungeon (3/15)

Altars:
Gozag
Nemelex Xobeh

Annotations:
D:3 edsrzf's ghost, amateur OgSu


Innate Abilities, Weirdness & Mutations

You have hooves in place of feet.
Armour fits poorly on your strangely shaped body.
You cover ground very quickly.
You have extremely tough skin (AC +3).


Message History

Edsrzf's ghost casts a spell.
The river rat bites you but does no damage.
The rat bites you but does no damage.
You hit the rat but do no damage. Edsrzf's ghost hits you.
The crimson imp blinks!
You closely miss the river rat. You kick the river rat.
The river rat is lightly wounded.
Edsrzf's ghost gestures wildly while chanting.
Your plate armour prevents you from hitting the river rat.
The river rat is lightly wounded.
Edsrzf's ghost hits you!
* * * LOW HITPOINT WARNING * * *
The river rat bites you but does no damage.
Edsrzf's ghost hits you.
* * * LOW HITPOINT WARNING * * *
Drink which item? (? for menu, Esc to quit)
It was a potion of agility.
You feel agile all of a sudden. The river rat bites you.
You die...

.............#....#.# #
.............##...#.# .
.............#....#.##.#
##############...<.....#
#..#.#.##.# #......##..
#.5r5...... ###W#.###.#
#@rr....( #r#..##.#
#.#..... ... ....# ...
#...# ..... #..# .....
... .......


You could see edsrzf's ghost, 2 crimson imps, 2 river rats and 2 rats.

Vanquished Creatures
  An adder (D:2)
  A worm (D:2)
  A dart slug (D:1)
  A giant gecko (D:1)
  An orc (D:3)
  9 bats
  2 giant cockroaches (D:2)
  7 goblins
  A hobgoblin (D:2)
  5 jackals
  2 kobolds
  A quokka (D:2)
  4 giant newts
  3 rats
39 creatures vanquished.

Notes
Turn   | Place    | Note
--------------------------------------------------------------
     0 | D:1      | LadyBoobiez the Centaur Gladiator began the quest for the Orb.
     0 | D:1      | Reached XP level 1. HP: 17/17 MP: 1/1
   187 | D:1      | Reached XP level 2. HP: 24/24 MP: 2/2
   296 | D:1      | Reached skill level 3 in Polearms
   955 | D:2      | Found an opulent altar of Gozag.
   955 | D:2      | Found a sparkling altar of Nemelex Xobeh.
  1043 | D:2      | Reached XP level 3. HP: 29/29 MP: 3/3
  1953 | D:3      | Reached skill level 4 in Polearms
  1998 | D:3      | Noticed edsrzf's ghost (amateur OgSu)
  2036 | D:3      | Slain by a river rat

Skill      XL: |  1  2  3 |
---------------+----------+-----
Polearms       | 3 4 |  4.0
Fighting       | |  2.0
Throwing       | |  2.3
Dodging        | |  2.4

Action                   || total
-------------------------++-------
Melee: Trident           ||   133
       Kick              ||    13
Throw: Throwing net      ||     1
  Use: Potion            ||     1
  Eat: Pizza             ||     1
Armor: Leather armour    ||    15
       Plate armour      ||    59
Dodge: Dodged            ||    27
